 Dungeon Crawl Stone Soup version 0.24.0-37-gcf1ca852f1 (webtiles) character file.

Game seed: 7635286062455990525, levelgen mode: deterministic

74 sankara the Shooter (level 4, -2/39 HPs)
             Began as a Minotaur Hunter on Nov 25, 2019.
             Slain by a sky beast (3 damage)
             ... on level 2 of the Dungeon.
             The game lasted 00:05:11 (1526 turns).

sankara the Shooter (Minotaur Hunter)               Turns: 1526, Time: 00:05:12

Health: -2/39      AC:  3    Str: 17    XL:     4   Next: 10%
Magic:  3/3        EV: 12    Int: 13    God:
Gold:   130        SH:  0    Dex: 11    Spells: 3/3 levels left

rFire    . . .     SeeInvis .   a - +1 shortbow
rCold    . . .     Gourm    .   (shield currently unavailable)
rNeg     . . .     Faith    .   c - +0 leather armour
rPois    .         Spirit   .   (helmet restricted)
rElec    .         Reflect  .   (no cloak)
rCorr    .         Harm     .   (no gloves)
MR       .....                  (no boots)
Stlth    +.........             (no amulet)
HPRegen  0.13/turn              l - +5 ring of intelligence
MPRegen  0.08/turn              (no ring)

@: no status effects
A: retaliatory headbutt, horns 2
a: no special abilities


You were on level 2 of the Dungeon.
You were hungry.

You visited 1 branch of the dungeon, and saw 2 of its levels.

You collected 130 gold pieces.

Inventory:

Hand Weapons
 a - a +1 shortbow (weapon)
 b - a +0 short sword
 e - a +0 dagger
 p - a +0 whip
 s - a +0 hunting sling
Missiles
 d - 15 arrows (quivered)
 i - 75 stones
 n - 15 poisoned darts
Armour
 c - a +0 leather armour (worn)
Jewellery
 l - a +5 ring of intelligence (left hand)
Scrolls
 h - 2 scrolls of enchant armour {unknown}
 k - a scroll of identify {unknown}
 o - a scroll of amnesia {unknown}
 q - a scroll of fear {unknown}
Potions
 g - a potion of heal wounds {unknown}
 j - a potion of mutation {unknown}
 m - a potion of curing {unknown}
 t - a potion of agility {unknown}
 u - a potion of degeneration {unknown}
Comestibles
 f - 4 rations


   Skills:
 + Level 3.6 Fighting
 * Level 5.7 Bows
 - Level 2.1 Dodging
 - Level 0.7 Stealth


You had 3 spell levels left.
You didn't know any spells.
Your spell library was empty.

Dungeon Overview and Level Annotations

Branches:
Dungeon (2/15)

Altars:
Dithmenos


Innate Abilities, Weirdness & Mutations

You reflexively headbutt those who attack you in melee.
You have a pair of horns on your head.


Message History

The sky beast barely misses you. You furiously retaliate!
You headbutt the sky beast.
Firing (i - inventory. (/) - cycle)
d - 17 arrows (quivered)
Press: ? - help, Shift-Dir - straight line, f/p - sky beast
Aim: a sky beast (heavily wounded)
You shoot an arrow. The arrow hits the sky beast.
The sky beast is heavily wounded.
The sky beast hits you.
* * * LOW HITPOINT WARNING * * *
The sky beast shocks you.
* * * LOW HITPOINT WARNING * * *
Firing (i - inventory. (/) - cycle)
d - 16 arrows (quivered)
Press: ? - help, Shift-Dir - straight line, f/p - sky beast
Aim: a sky beast (heavily wounded)
You shoot an arrow. The arrow hits the sky beast.
The sky beast is severely wounded.
The sky beast flickers out of sight!
Deactivating autopickup; reactivate with Ctrl-A.
Something hits you.
You die...

# #.##.....##..........## #. #
#.##.....##...........# #. #
#.##.....##...........## #. #
#.##.....##............# #. #
#.##.....##..........#.###. #
#.##.....##..........#..##. #
#.##.....########.#####.##.
#######.##.....##### #.#####.##.
##..............@{(# #.......##.
##.####..............##......)##.
# ############.#.##......).#. #
.# ##........#. # # #.######... #
#.#######.. # #.........> #
##########. ##.# #.


There were no monsters in sight!

Vanquished Creatures
  5 adders (D:2)
  2 dart slugs (D:1)
  A leopard gecko (D:1)
  3 bats (D:1)
  2 giant cockroaches (D:1)
  A hobgoblin (D:1)
  3 frilled lizards
  4 goblins
  5 kobolds
  4 rats
30 creatures vanquished.

Notes
Turn   | Place    | Note
-------+----------+-------------------------------------------
     0 | D:1      | sankara the Minotaur Hunter began the quest for the Orb.
     0 | D:1      | Reached XP level 1. HP: 18/18 MP: 0/0
     3 | D:1      | Noticed an electric eel
     3 | D:1      | Noticed an electric eel
   183 | D:1      | Reached XP level 2. HP: 25/25 MP: 1/1
   451 | D:1      | Reached skill level 5 in Bows
   745 | D:2      | Reached XP level 3. HP: 31/31 MP: 2/2
   948 | D:2      | Found a shadowy altar of Dithmenos.
  1018 | D:2      | Reached XP level 4. HP: 36/38 MP: 3/3
  1513 | D:2      | Noticed a sky beast
  1525 | D:2      | HP: 1/39 [sky beast (6)]
  1526 | D:2      | Slain by a sky beast

Levels and vault maps discovered:
D:1:      arrival_aquarium_b, layout_basic, kennysheep_small_spiral,
          interstate_on_off, grunt_decor_mini_mirrors
D:2:      layout_basic, grunt_dithmenos_smoke

Skill      XL: |  1  2 |
---------------+-------+-----
Fighting       | 3 |  3.6
Bows           | 5 |  5.7
Dodging        | |  2.1
Stealth        | |  0.7

Action                   |  1- 3 |  4- 6 || total
-------------------------+-------+-------++-------
Melee: Short sword       |    57 |    13 ||    70
       Headbutt          |     8 |     2 ||    10
 Fire: Shortbow          |       |     5 ||     5
  Eat: Chunk             |       |     1 ||     1
Armor: Leather armour    |    14 |     1 ||    15
Dodge: Dodged            |    42 |    10 ||    52
